 Dungeon Crawl Stone Soup version 0.28.0-1-gb440e238dd (webtiles) character file.

Game seed: 2992067154808176039

19 croobank the Insei (level 2, 0/18 HPs)
             Began as an Octopode Transmuter on Feb 21, 2022.
             Succumbed to an adder's poison
             ... on level 2 of the Dungeon.
             The game lasted 00:02:38 (822 turns).

croobank the Insei (Octopode Transmuter)             Turns: 822, Time: 00:02:39

Health: 0/18       AC:  1    Str:  9    XL:     2   Next: 75%
Magic:  4/5        EV: 13    Int: 15    God:
Gold:   13         SH:  0    Dex: 12    Spells: 2/5 levels left

rFire   . . .      SeeInvis .     - Unarmed
rCold   . . .      Faith    .   (no shield)
rNeg    . . .      Spirit   .   (helmet currently unavailable)
rPois   .          Reflect  .   (no amulet)
rElec   .          Harm     .   (no ring)
rCorr   .          Rampage  .   (no ring)
Will    .....                   (no ring)
Stlth   ++........              (no ring)
HPRegen 0.06/turn               (no ring)
MPRegen 0.09/turn               (no ring)
                                (no ring)
                                (no ring)

@: lethally poisoned (0 -> -2), appendages
A: tentacle spike 3, almost no armour, amphibious, 8 rings, camouflage 1,
gelatinous body 1, (nimble swimmer 1), tentacles
a: End Transformation


You were on level 2 of the Dungeon.
One of your tentacles had grown a beastly spike.
You visited 1 branch of the dungeon, and saw 2 of its levels.

You collected 61 gold pieces.
You spent 48 gold pieces at shops.

Inventory:

Hand Weapons
 a - a +2 vorpal hand axe
 b - a +0 hunting sling
Missiles
 c - 5 javelins
Scrolls
 d - a scroll of teleportation
 e - a scroll of identify


   Skills:
 + Level 1.4 Fighting
 + Level 2.2 Dodging
 + Level 3.2 Unarmed Combat
 + Level 2.2 Spellcasting
 + Level 2.2 Transmutations


You had 2 spell levels left.
You knew the following spells:

 Your Spells              Type           Power      Damage    Failure   Level
a - Beastly Appendage     Tmut           16%        N/A       9%          1
b - Wereblood             Tmut           8%         N/A       13%         2

Your spell library contained the following spells:

 Spells                   Type           Power      Damage    Failure   Level
 Spider Form              Tmut/Pois      5%         N/A       38%         3
 Ice Form                 Ice/Tmut       5%         N/A       80%         4


Dungeon Overview and Level Annotations

Branches:
Dungeon (2/15)

Altars:

Shops:
D:1 *


Innate Abilities, Weirdness & Mutations

One of your tentacles has grown a beastly spike.
You cannot wear most types of armour.
You are amphibious.
You can wear up to eight rings at the same time.
Your skin changes colour to match your surroundings (Stealth+).
Your rubbery body absorbs attacks. (AC +1, EV +1)
((You are camouflaged when in or above water. (Stealth+)))
You have tentacles for arms and can constrict up to eight enemies at once.


Message History

Confirm with . or Enter, or press ? or * to list all spells.
One of your tentacles grows a vicious spike.
You miss the quokka. Your grab misses the quokka.
The quokka closely misses you.
You barely miss the quokka. Your grab misses the quokka.
The quokka closely misses you.
You tentacle-slap the quokka. Your grab misses the quokka.
You pierce the quokka.
You kill the quokka!
Your transformation is almost over.
You open the door. You open the door.
Found a stone staircase leading down.
Your tentacle spike disappears.
There is an open door here.
An adder comes into view.
Casting: Beastly Appendage (safe; 9% risk of failure)
Confirm with . or Enter, or press ? or * to list all spells.
One of your tentacles grows a vicious spike.
An adder comes into view.
Found 12 gold pieces.
The adder hisses angrily.
The adder moves out of view.
The adder bites you.
You are poisoned.
The adder poisons you!
You tentacle-slap the adder. You grab the adder. Your squeeze misses the adder.
The adder is heavily wounded.
You constrict the adder.
You feel sick. The adder bites you.
You tentacle-slap the adder.
The adder is severely wounded.
You constrict the adder.
You feel sick. The adder bites you.
* * * LOW HITPOINT WARNING * * *
The adder bites you.
* * * LOW HITPOINT WARNING * * *
You aren't carrying any potions.
Okay, then.
You tentacle-slap the adder.
You kill the adder!
You die...

.####### ......#
.....# $...## ....#
#######.#.##
.......S#..######+####
.......@......#.......
..............#.......
..............#.......
....................#
....................#
.##......###+#......#
.... #......#
#........# ....
#......# ##.......#
...##......
#..##+#####


You could see an adder.

Vanquished Creatures
  An adder (D:2)
  A ball python (D:1)
  A bat (D:1)
  4 endoplasms (D:1)
  A giant cockroach (D:1)
  2 goblins
  2 hobgoblins (D:1)
  A quokka (D:2)
  4 rats (D:1)
17 creatures vanquished.

Notes
Turn   | Place    | Note
-------+----------+-------------------------------------------
     0 | D:1      | croobank the Octopode Transmuter began the quest for the
                  | Orb.
     0 | D:1      | Reached XP level 1. HP: 13/13 MP: 3/3
   204 | D:1      | Reached XP level 2. HP: 18/18 MP: 5/5
   211 | D:1      | Learned a level 2 spell: Wereblood
   397 | D:1      | Found Atej Mimugh's Assorted Antiques.
   400 | D:1      | Bought a scroll labelled AVAXZE BOSIKA for 24 gold pieces
   400 | D:1      | Bought a scroll labelled CAESYT MYNEGH for 24 gold pieces
   822 | D:2      | Succumbed to an adder's poison

Illustrated notes

Levels and vault maps discovered:
D:1:      minmay_arrival_glassed_features, layout_rooms, serial_shops, shop,
          chequers_serial_rivers_marsh, st_stairs_13, nicolae_figureground_pulse
D:2:      layout_basic, amcnicky_mini_pool_small

Action                   || total
-------------------------++-------
Melee: Unarmed           ||    26
       Kick              ||     6
       Constrict         ||     5
       Tentacles         ||     4
       Hand axe          ||     5
       Punch             ||     1
 Cast: Beastly Appendage ||    10
  Use: Scroll            ||     1
 Stab: Sleeping          ||     3
Dodge: Dodged            ||    15
